 Dungeon Crawl Stone Soup version 0.26-a0-667-g92642533e4 (webtiles) character file.

Game seed: 11702146653155517064

3138 Ludicrosity the Frost Mage (level 9, 0/45 HPs)
             Began as a Gargoyle Ice Elementalist on Oct 18, 2020.
             Was a Follower of Vehumet.
             Slain by an ufetubus (2 damage)
             ... on level 7 of the Dungeon.
             The game lasted 00:24:26 (8912 turns).

Ludicrosity the Frost Mage (GrIE)                   Turns: 8912, Time: 00:24:27

Health: 0/45       AC:  9    Str: 12    XL:     9   Next: 92%
Magic:  6/18       EV: 13    Int: 19    God:    Vehumet [*.....]
Gold:   55         SH:  0    Dex: 10    Spells: 12/20 levels left

rFire    . . .     SeeInvis +   E - +1 battleaxe (vamp)
rCold    . . .     Faith    .   (shield currently unavailable)
rNeg     + . .     Spirit   .   a - +0 robe
rPois    ∞         Reflect  .   (no helmet)
rElec    +         Harm     .   o - -1 cloak (curse)
rCorr    .         Rampage  .   (no gloves)
MR       .....                  j - +0 pair of boots
Stlth    +++.......             (no amulet)
HPRegen  0.15/turn              m - ring of see invisible
MPRegen  0.16/turn              (no ring)

@: marked
A: negative energy resistance 1, electricity resistance, unbreathing,
petrification resistance, rot immunity, AC +6
a: Renounce Religion


You were on level 7 of the Dungeon.
You worshipped Vehumet.
Vehumet was aware of your devotion.
You visited 2 branches of the dungeon, and saw 9 of its levels.

You collected 225 gold pieces.
You spent 170 gold pieces at shops.

Inventory:

Hand Weapons
 E - a +1 vampiric battleaxe (weapon)
Armour
 a - a +0 robe (worn)
 j - a +0 pair of boots (worn)
 o - a cursed -1 cloak (worn)
Jewellery
 m - a ring of see invisible (left hand)
Wands
 u - a wand of paralysis (4)
 A - a wand of polymorph (3)
Scrolls
 b - 5 scrolls of remove curse
 c - 6 scrolls of teleportation
 d - 4 scrolls of amnesia
 f - 3 scrolls of enchant weapon
 k - 2 scrolls of random uselessness
 w - a scroll of immolation
 x - a scroll of blinking
 y - 3 scrolls of fog
 B - a scroll of fear
 D - a scroll of identify
Potions
 e - 2 potions of brilliance {unknown}
 g - a potion of stabbing {unknown}
 h - a potion of mutation {unknown}
 i - a potion of invisibility {unknown}
 l - 2 potions of lignification {unknown}
 n - a potion of degeneration {unknown}
 p - a potion of might {unknown}
 q - a potion of flight {unknown}
 r - 3 potions of curing {unknown}
 s - 2 potions of haste {unknown}
 t - a potion of cancellation {unknown}
 C - a potion of resistance {unknown}
Miscellaneous
 v - a tin of tremorstones (3/3)


   Skills:
 - Level 4.5 Dodging
 - Level 6.6 Stealth
 + Level 6.0 Spellcasting
 + Level 5.3 Summonings
 - Level 8.4 Ice Magic


You had 12 spell levels left.
You knew the following spells:

 Your Spells              Type           Power        Failure   Level
a - Freeze                Ice            ####         1%          1
b - Frozen Ramparts       Ice            #####.       1%          3
c - Summon Ice Beast      Ice/Summ       ####....     7%          4

Your spell library contained the following spells:

 Spells                   Type           Power        Failure   Level
 Foxfire                  Conj/Fire      #...         11%         1
 Summon Small Mammal      Summ           ####         1%          1
 Call Imp                 Summ           ####....     1%          2
 Ozocubu's Armour         Ice            #####...     1%          3
 Ensorcelled Hibernation  Hex/Ice        ###...       3%          2
 Call Canine Familiar     Summ           ####....     3%          3
 Corona                   Hex            #......      11%         1
 Summon Guardian Golem    Hex/Summ       ###.....     12%         3
 Hailstorm                Conj/Ice       ###.....     21%         4
 Confusing Touch          Hex            #.......     32%         3
 Dazzling Flash           Conj/Hex       #.....       32%         3
 Tukima's Dance           Hex            #.......     32%         3
 Summon Lightning Spire   Summ/Air       ###.....     36%         4
 Airstrike                Air            #.........   73%         4
 Sticky Flame             Conj/Fire      #.......     73%         4
 Lightning Bolt           Conj/Air       #.........   97%         5
 Silence                  Hex/Air        #.........   97%         5
 Conjure Ball Lightning   Conj/Air       #.........   100%        6
 Tornado                  Air            #.........   100%        9


Dungeon Overview and Level Annotations

Branches:
Dungeon (8/15)             Temple (1/1) D:4
   Lair: D:8-11

Altars:
Ashenzari
Cheibriados
Dithmenos
Elyvilon
Gozag
Kikubaaqudgha
Makhleb
Nemelex Xobeh
Okawaru
Qazlal
Ru
Sif Muna
Trog
Uskayaw
Vehumet
Wu Jian
Yredelemnul
Zin
The Shining One

Shops:
D:4 *   D:6 ?[(!*


Innate Abilities, Weirdness & Mutations

You are resistant to torment.
Your stone body is resilient. (AC +6)
You are immune to poison.
You resist negative energy. (rN+)
You are resistant to electric shocks. (rElec)
You can survive without breathing.
You are immune to petrification.
You are immune to rotting.


Message History

* * * LOW HITPOINT WARNING * * *
Press: ? - help, v - describe, . - travel
Here: an ufetubus The floor.
The ufetubus hits you but does no damage.
The ufetubus closely misses you.
The ufetubus hits you but does no damage.
The ufetubus barely misses you. The ufetubus hits you.
* * * LOW HITPOINT WARNING * * *
The ufetubus closely misses you.
Okay, then.
Okay, then.
Unknown command.
Okay, then.
You closely miss the ufetubus.
The ufetubus hits you but does no damage. x3
The ufetubus completely misses you. The ufetubus barely misses you.
The ufetubus hits you.
You die...

#### #...
###################...
#>..5@............'...
########.#########.#.#####...
#..(.....[..######.#.#####...
#.....##.##......#.#.........
#.....##.#######.#.#######...
#.....##.....††..............
#.............##.....########
#.............##.....# #####
#.............##.....# #...#


You could see an ufetubus.

Vanquished Creatures
  Pikel (D:4)
  2 orc warriors (D:8)
  A phantom (D:3)
  A necrophage (D:4)
  A sky beast (D:6)
  A centaur (D:7)
  2 lemures (D:4)
  3 bullfrogs
  A jelly (D:7)
  3 scorpions
  11 howler monkeys
  A hound (D:6)
  6 orc priests
  2 centaur skeletons (D:4)
  A human skeleton (D:7)
  3 human zombies (D:7)
  An iguana (D:7)
  4 orc wizards
  5 worker ants
  A hound skeleton (D:5)
  A mummy (D:7)
  A worker ant zombie (D:5)
  10 adders
  A shadow imp (D:5)
  A white imp (D:5)
  An adder skeleton (D:7)
  3 worms
  3 dart slugs
  5 leopard geckos
  23 orcs
  6 bats
  6 giant cockroaches
  8 goblins
  5 hobgoblins
  12 jackals
  3 quokkas
  7 frilled lizards
  A jackal skeleton (D:7)
  6 kobolds
  An orc zombie (D:7)
  A quokka skeleton (D:4)
  10 rats
166 creatures vanquished.

Vanquished Creatures (collateral kills)
  A wraith (D:7)
  2 ice beasts
  A phantom (D:7)
  A necrophage (D:7)
  A centaur (D:7)
  A troll zombie (D:7)
  2 howler monkeys (D:8)
  A human zombie (D:7)
  A bullfrog skeleton (D:7)
  An ogre zombie (D:7)
  A mummy (D:7)
  2 orcs (D:8)
  An orc zombie (D:7)
16 creatures vanquished.

Vanquished Creatures (others)
  A hound (D:8)
  11 fungi (D:8)
  20 plants
32 creatures vanquished.

Grand Total: 214 creatures vanquished

Notes
Turn   | Place    | Note
-------+----------+-------------------------------------------
     0 | D:1      | Ludicrosity the Gargoyle Ice Elementalist began the quest
                  | for the Orb.
     0 | D:1      | Reached XP level 1. HP: 10/10 MP: 3/3
   203 | D:1      | Reached XP level 2. HP: 15/15 MP: 0/5
   778 | D:1      | Reached XP level 3. HP: 19/19 MP: 3/6
  1175 | D:1      | Learned a level 3 spell: Frozen Ramparts
  1316 | D:2      | Found a sacrificial altar of Ru.
  1564 | D:2      | Reached XP level 4. HP: 24/24 MP: 4/7
  1570 | D:2      | Learned a level 4 spell: Summon Ice Beast
  2367 | D:3      | Found a hide-covered altar of Uskayaw.
  2665 | D:3      | Reached XP level 5. HP: 28/28 MP: 5/9
  2785 | D:3      | Found a faded altar of an unknown god.
  2785 | D:3      | Noticed a phantom
  3026 | D:4      | Found a staircase to the Ecumenical Temple.
  3166 | Temple   | Entered the Ecumenical Temple
  3259 | D:4      | Reached XP level 6. HP: 32/32 MP: 6/10
  3270 | D:4      | Reached skill level 5 in Ice Magic
  3448 | D:4      | Noticed Pikel
  3463 | D:4      | Killed Pikel
  3463 | D:4      | Reached skill level 5 in Stealth
  3463 | D:4      | Reached XP level 7. HP: 21/36 MP: 7/13
  3595 | D:4      | Found Yruq's General Store.
  4246 | D:4      | Reached XP level 8. HP: 37/41 MP: 14/14
  4250 | D:4      | Reached skill level 6 in Ice Magic
  4352 | D:4      | Bought 2 scrolls of teleportation for 84 gold pieces
  4352 | D:4      | Bought a scroll of remove curse for 42 gold pieces
  4562 | D:5      | Entered Level 5 of the Dungeon
  4876 | D:5      | Found a broken altar of Ashenzari.
  4876 | D:5      | Found a radiant altar of Vehumet.
  4876 | D:5      | Found a sparkling altar of Nemelex Xobeh.
  4877 | D:5      | Found an ancient bone altar of Kikubaaqudgha.
  5011 | D:5      | Reached skill level 5 in Spellcasting
  5030 | D:5      | Became a worshipper of Vehumet
  5942 | D:6      | Reached skill level 1 in Summonings
  6002 | D:6      | Found Roremybe's General Store.
  6007 | D:6      | Bought a scroll of identify for 22 gold pieces
  6069 | D:6      | Found Reseurr's Weapon Shop.
  6083 | D:6      | Reached skill level 7 in Ice Magic
  6083 | D:6      | Reached XP level 9. HP: 45/45 MP: 13/16
  6124 | D:6      | Found Syrugarr's Antique Armour Shoppe.
  6779 | D:6      | Found Enuamify's Distillery.
  6857 | D:6      | Found Quamocu's Magic Scroll Shoppe.
  6865 | D:6      | Bought a scroll of fog for 22 gold pieces
  7175 | D:7      | Found a glowing golden altar of the Shining One.
  7253 | D:7      | Found an iron altar of Okawaru.
  7793 | D:7      | Reached skill level 8 in Ice Magic
  8234 | D:7      | Found a basalt altar of Yredelemnul.
  8259 | D:7      | Reached * piety under Vehumet
  8259 | D:7      | Offered knowledge of Foxfire by Vehumet.
  8859 | D:8      | Noticed a two-headed ogre
  8860 | D:8      | Identified the Grimoire of the Postmodern Mice
  8870 | D:8      | Reached skill level 5 in Summonings
  8901 | D:8      | Noticed a komodo dragon
  8910 | D:7      | HP: 2/45 [ufetubus (3)]
  8912 | D:7      | Slain by an ufetubus

Illustrated notes

Levels and vault maps discovered:
D:1:      erik_arrival_blinker_ship, layout_loops_ring
D:2:      layout_loops_ring, nicolae_ru_path_of_blood
D:3:      layout_loops_ring, old_standard_altar, chequers_ecumenical_altar_lobes
D:4:      minmay_octagon_keep, layout_basic, minmay_temple_entry_tees,
          serial_shops, shop_statue, hex_intersection, uniq_pikel
D:5:      layout_rooms, chequers_temple_overflow_statue_of_worship
D:6:      layout_basic, serial_shops, nicolae_shop_waterfront, shop,
          nicolae_shop_waterfront, shop, nicolae_shop_overgrown_old_shop,
          grunt_tough_drop
D:7:      layout_basic, lemuel_mausoleum_altar_yredelemnul,
          nicolae_overflow_crystal_walls, overflow_temple_1_default
D:8:      layout_loops_ring, kennysheep_mini, overflow_temple_1_default,
          xom_confusion_cloud, grunt_lair_entry_orc_guard_hut,
          nicolae_ossuary_entry_monument
Temple:   eino_temple_lava

Skill      XL: |  1  2  3  4  5  6  7  8  9 |
---------------+----------------------------+-----
Dodging        | 2 3 4 |  4.5
Stealth        | 3 4 5 6 |  6.6
Spellcasting   | 3 4 5 6 |  6.0
Ice Magic      | 5 7 8 |  8.4
Summonings     | 1 5 |  5.3

Action                   |  1- 3 |  4- 6 |  7- 9 || total
-------------------------+-------+-------+-------++-------
Melee: Unarmed           |     2 |       |       ||     2
       Spear             |    22 |    57 |       ||    79
       War axe           |       |    38 |    93 ||   131
       Hand axe          |       |       |   184 ||   184
       Battleaxe         |       |       |    12 ||    12
 Cast: Freeze            |    45 |    29 |     3 ||    77
       Frozen Ramparts   |       |     7 |    33 ||    40
       Summon Ice Beast  |       |       |    24 ||    24
  Use: Scroll            |       |       |     7 ||     7
 Stab: Sleeping          |     2 |     1 |     8 ||    11
       Distracted        |       |       |     1 ||     1
Armor: Robe              |    22 |    39 |   120 ||   181
Dodge: Dodged            |    28 |    63 |   267 ||   358

Table legend: (Time is in decaauts)
 A = Elapsed time spent in this place.
 B = Non-inter-level travel time spent in this place.
 C = Inter-level travel time spent in this place.
 D = Time resting spent in this place.
 E = Time spent auto-exploring this place.
 F = Levels seen in this place.
 G = Mean time per level.
                   A        B        C        D        E       F      G
               +--------+--------+--------+--------+--------+-----+--------+
         Total |   9055 |   8657 |    398 |    562 |   6103 |   9 | 1006.1 |
       Dungeon |   8982 |   8584 |    398 |    562 |   6037 |   8 | 1122.8 |
        Temple |     73 |     73 |      0 |      0 |     66 |   1 |   73.0 |
               +--------+--------+--------+--------+--------+-----+--------+

Top non-repeatable levels by time:
     D:7: 1787 daAuts
     D:4: 1761 daAuts
     D:1: 1198 daAuts
     D:3: 1128 daAuts
     D:6: 1098 daAuts
     D:2: 1074 daAuts
     D:5: 777 daAuts
     D:8: 156 daAuts
  Temple: 73 daAuts
